 Dungeon Crawl Stone Soup version 0.21.0-25-ge575cb9 (webtiles) character file.

54990 pomescollege the Eye of the Storm (level 15, -5/107 HPs)
             Began as a Halfling Fighter on Jan 20, 2018.
             Was a Priest of Qazlal.
             Slain by a spiny frog (13 damage)
             ... on level 5 of the Lair of Beasts on Jan 23, 2018.
             The game lasted 01:42:27 (25288 turns).

pomescollege the Eye of the Storm (HaFi)           Turns: 25288, Time: 01:42:27

Health: -5/107     AC: 16    Str: 24    XL:     15   Next: 16%
Magic:  34/34      EV: 24    Int:  6    God:    Qazlal [***...]
Gold:   2235       SH:  7    Dex: 26    Spells: 14/14 levels left

rFire    . . .     SeeInvis .   T - +3 broad axe (flame)
rCold    + + .     Gourm    .   (shield currently unavailable)
rNeg     . . .     Faith    .   Q - +5 ring mail of Sif Muna's Envy {+Blink rPois rF- rCorr}
rPois    +         Spirit   .   k - +0 helmet
rElec    .         Reflect  +   C - scarf {rC+ rF+}
rCorr    +         Harm     .   O - +1 pair of gloves {Str+3}
MR       +....                  o - +0 pair of boots
Stlth    ++........             U - +3 amulet of reflection
HPRegen  0.27/turn              s - ring of magical power
MPRegen  0.24/turn              P - ring of a Hundred Coins {rC+ Dex+4}

@: agile, lethally poisoned (-5 -> -10)
A: small, mutation resistance 1
a: Upheaval, Elemental Force, Renounce Religion, Evoke Blink


You were on level 5 of the Lair of Beasts.
You worshipped Qazlal.
Qazlal was most pleased with you.
You were not hungry.

You visited 3 branches of the dungeon, and saw 20 of its levels.
You also visited: Labyrinth, Ossuary and Ice Cave.

You collected 2806 gold pieces.
You spent 571 gold pieces at shops.

Inventory:

Hand Weapons
 d - a +0 hand axe of flaming
 I - a +1 hand crossbow of flaming
 T - a +3 broad axe of flaming (weapon)
Missiles
 x - 181 bolts
Armour
 k - a +0 helmet (worn)
 o - a +0 pair of boots (worn)
 C - a scarf of resistance (worn)
 M - a +3 buckler of positive energy
 O - a +1 pair of gloves of strength (worn)
 Q - the +5 ring mail of Sif Muna's Envy (worn) {+Blink rPois rF- rCorr}
   (You found it on level 1 of the Lair of Beasts)

   It makes you vulnerable to fire.
   It protects you from poison.
   It lets you blink.
   It protects you from acid and corrosion.
Jewellery
 l - an uncursed ring of flight
 n - the ring "Reef" {-Tele rPois Str+7 Int+2}
   (You found it on level 9 of the Dungeon)

   [ring of poison resistance]

   It affects your strength (+7).
   It affects your intelligence (+2).
   It protects you from poison.
   It prevents most forms of teleportation.
 s - a ring of magical power (left hand)
 P - the ring of a Hundred Coins (right hand) {rC+ Dex+4}
   (You found it on level 9 of the Dungeon)

   [ring of protection from cold]

   It affects your dexterity (+4).
   It protects you from cold.
 U - a +3 amulet of reflection (around neck)
Wands
 h - a wand of enslavement (27)
 j - a wand of flame (87)
 w - a wand of paralysis (10)
 G - a wand of iceblast (21)
 S - a wand of acid (3)
 W - a wand of polymorph (11)
 Y - a wand of scattershot (2)
Scrolls
 a - a scroll of identify
 g - 16 scrolls of remove curse
 i - a scroll of enchant armour
 q - a scroll of brand weapon
 r - 3 scrolls of blinking
 A - 3 scrolls of teleportation
 D - 7 scrolls of amnesia
 F - 2 scrolls of enchant weapon
 J - 2 scrolls of magic mapping
 L - 3 scrolls of fog
 V - a scroll of fear {unknown}
Potions
 b - 2 potions of curing
 c - a potion of cancellation
 m - 6 potions of flight
 u - 7 potions of brilliance
 v - a potion of haste
 B - a potion of magic
 E - 3 potions of mutation
 K - a potion of ambrosia
 N - a potion of lignification
 R - 2 potions of agility
 X - a potion of berserk rage {unknown}
Books
 e - a book of Callings

   Spells                             Type                      Level
   a - Summon Small Mammal            Summoning                    1
   b - Call Imp                       Summoning                    2
   c - Call Canine Familiar           Summoning                    3
   d - Summon Guardian Golem          Hexes/Summoning              3
   e - Summon Lightning Spire         Summoning/Air                4
   f - Summon Ice Beast               Ice/Summoning                4
Comestibles
 f - 20 rations
 p - 3 chunks of flesh


   Skills:
 + Level 11.5 Fighting
 - Level 12.0 Axes
 - Level 6.4 Crossbows
 - Level 7.0 Armour
 - Level 6.0 Dodging
 - Level 10.9 Shields
 + Level 14.1 Invocations


You had 14 spell levels left.
You didn't know any spells.

Dungeon Overview and Level Annotations

Branches:
Dungeon (13/15)            Temple (1/1) D:7            Lair (6/6) D:10
  Swamp (0/4) Lair:4       Spider (0/4) Lair:3          Orc (0/2) D:9
  Slime: Lair:5-6    Vaults: D:13-14

Altars:
Ashenzari
Cheibriados
Dithmenos
Elyvilon
Fedhas
Gozag
Hepliaklqana
Kikubaaqudgha
Makhleb
Nemelex Xobeh
Okawaru
Qazlal
Ru
Sif Muna
Trog
Uskayaw
Vehumet
Wu Jian
Xom
Yredelemnul
Zin
The Shining One

Shops:
D:5 ?   D:8 *   D:11 (

Annotations:
D:7 mibe's ghost, novice HOMo


Innate Abilities, Weirdness & Mutations

You are small and have problems with some larger weapons.
You are somewhat resistant to further mutation.


Message History

You feel sick.
A torpor snail comes into view.
You feel sick.
The spiny frog is engulfed in freezing vapours.
The spiny frog seems to slow down.
You block the spiny frog's attack.
Being near the torpor snail leaves you feeling lethargic.
There is a stone staircase leading up here.
You feel sick. The black mamba closely misses you. The black mamba bites you!
* * * LOW HITPOINT WARNING * * *
The black mamba bites you.
* * * LOW HITPOINT WARNING * * *
The spiny frog stings you but does no damage.
You climb upwards.
You feel yourself speed up.
You feel very sick.
There is a stone staircase leading down here.
You feel agile all of a sudden. The black mamba completely misses you.
You block the black mamba's attack. The spiny frog stings you!
You die...

#.............##.......
##...........#.#.......
##..................... #####
#......................
####..P###.............##......#
#...............[.....###......#
#....................####......#
#..P..........ยงยง......#.........
#.........#....@F...P#.#PP......
#...##.#.#......S.....###P......
#...######...........###P......<
#...# #...........####.......
#.### #....>.......###....... ###
#............##........
#.............##...####
#...........#####..# #.
#..........#.#.########


You could see a black mamba and a spiny frog.

Vanquished Creatures
  Kirke (D:12)
  A frost giant (IceCv)
  The ghost of quantumfuzzball the Zephyrmancer, a journeyman DrAE of Sif Muna (Lair:4)
  A minotaur (Lab)
  3 hydras
  The ghost of funslinger the Protected, a journeyman MiBe of Trog (Lair:1)
  The ghost of SlowGraham the Basher, a novice TrSk of Okawaru (D:12)
  6 death yaks (Lair:4)
  3 two-headed ogres (D:9)
  A queen ant (D:10)
  Nergalle (Lair:1)
  Urug (Lair:2)
  Sonja (D:12)
  6 oklob plants (Lair:3)
  A cyclops (D:12)
  A deep elf mage (D:12)
  2 black mambas
  An ice statue (IceCv)
  Psyche (D:12)
  2 centaur skeletons (D:12)
  A gargoyle (D:12)
  6 spiny frogs
  2 rime drakes
  2 kobold demonologists (D:11)
  3 komodo dragons
  A demonic crawler (Lair:3)
  5 trolls
  14 polar bears (IceCv)
  The ghost of mibe the Cleaver, an amateur HOMo (D:4)
  A hornet (D:12)
  10 blink frogs
  7 dream sheep (Lair:4)
  8 hippogriffs
  A wraith (D:11)
  35 yaks
  A vampire (D:9)
  8 wyverns
  A hog (D:12)
  A basilisk (Lair:5)
  3 vampire mosquitoes (D:12)
  5 hungry ghosts
  3 wargs (D:10)
  Edmund (D:5)
  3 soldier ants (D:10)
  9 porcupines
  9 water moccasins
  A swamp drake (Lair:4)
  6 orc warriors
  6 sky beasts
  11 ice beasts
  A black bear (shapeshifter) (D:9)
  A black bear (D:9)
  2 phantoms
  6 ogres
  25 wolves
  7 centaurs
  12 crocodiles
  2 big kobolds
  21 bullfrogs
  A wyvern skeleton (D:6)
  3 scorpions
  5 killer bees (D:10)
  10 wights
  2 howler monkeys (D:7)
  2 centaur zombies
  5 crimson imps
  A quasit (D:11)
  A bullfrog zombie (D:11)
  3 bullfrog skeletons
  5 hounds
  6 orc priests
  8 jellies
  4 iguanas
  Terence (D:2)
  15 orc wizards
  27 worker ants
  A killer bee zombie (D:9)
  A hound skeleton (D:5)
  14 mummies (Ossuary)
  2 worker ant zombies
  3 gnolls (D:4)
  2 howler monkey skeletons
  12 adders
  4 shadow imps
  8 oozes
  5 worms
  3 dart slugs (D:1)
  4 leopard geckos
  37 orcs
  7 giant cockroaches
  7 hobgoblins
  8 jackals
  6 quokkas
  2 ball pythons
  13 bats
  5 frilled lizards
  A gnoll skeleton (Ossuary)
  6 goblins
  A goblin skeleton (Ossuary)
  A jackal skeleton (D:5)
  9 kobolds
  2 kobold skeletons (Ossuary)
  3 orc skeletons (Ossuary)
  3 rats
  11 rat skeletons (Ossuary)
  A fungus (Lair:3)
  2 plants (Lair:3)
561 creatures vanquished.

Vanquished Creatures (collateral kills)
  A bullfrog zombie (D:9)
  An orc priest (D:9)
2 creatures vanquished.

Vanquished Creatures (others)
  A human (D:12)
  2 wights (D:5)
  An orc (D:6)
  A goblin skeleton (Ossuary)
  11 fungi
  6 plants
22 creatures vanquished.

Grand Total: 585 creatures vanquished

Notes
Turn   | Place    | Note
-------+----------+-------------------------------------------
     0 | D:1      | pomescollege the Halfling Fighter began the quest for the Orb.
     0 | D:1      | Reached XP level 1. HP: 15/15 MP: 1/1
   390 | D:1      | Reached XP level 2. HP: 15/20 MP: 2/2
   687 | D:1      | Reached XP level 3. HP: 19/26 MP: 3/3
  1217 | D:2      | Noticed Terence
  1232 | D:2      | Killed Terence
  1232 | D:2      | Reached XP level 4. HP: 26/31 MP: 4/4
  1904 | D:3      | Reached XP level 5. HP: 36/37 MP: 5/5
  2342 | D:3      | Found a radiant altar of Vehumet.
  2924 | D:4      | Noticed mibe's ghost (amateur HOMo)
  2957 | D:4      | Killed mibe's ghost
  2957 | D:4      | Reached skill level 5 in Fighting
  2957 | D:4      | Reached skill level 5 in Axes
  2957 | D:4      | Reached XP level 6. HP: 14/45 MP: 6/6
  2957 | D:4      | Reached XP level 7. HP: 16/50 MP: 7/7
  3233 | D:4      | Found a sand-covered staircase.
  3240 | Ossuary  | Entered an ossuary
  4451 | D:5      | Entered Level 5 of the Dungeon
  4451 | D:5      | Noticed Edmund
  4464 | D:5      | Killed Edmund
  4464 | D:5      | Reached XP level 8. HP: 43/57 MP: 8/8
  4494 | D:5      | Reached skill level 1 in Dodging
  4773 | D:5      | Found Yfozon's Magic Scroll Shop.
  4792 | D:5      | Reached skill level 5 in Armour
  5655 | D:6      | Reached XP level 9. HP: 48/62 MP: 9/9
  6567 | D:7      | Noticed mibe's ghost (novice HOMo)
  6864 | D:7      | Reached skill level 5 in Dodging
  8062 | D:6      | Reached skill level 5 in Shields
  8499 | D:7      | Found a staircase to the Ecumenical Temple.
  8505 | Temple   | Entered the Ecumenical Temple
  8696 | Temple   | Became a worshipper of Qazlal Stormbringer
  9357 | D:8      | Found a shattered altar of Ashenzari.
  9365 | D:8      | Reached XP level 10. HP: 45/68 MP: 10/10
 10190 | D:8      | Found Pum Deuny's Assorted Antiques.
 10193 | D:8      | Bought a forked bronze wand for 84 gold pieces
 10193 | D:8      | Bought a shiny buckler for 157 gold pieces
 10293 | D:5      | Bought a scroll of identify for 30 gold pieces
 10293 | D:5      | Bought a scroll of identify for 30 gold pieces
 10293 | D:5      | Bought a scroll of identify for 30 gold pieces
 10835 | D:8      | Got a steaming leather armour
 10868 | D:9      | Identified the +5 leather armour of the Cuttlefish {MR+ Str+3} (You found it on level 8 of the Dungeon)
 10934 | D:9      | Reached * piety under Qazlal
 10957 | D:9      | Reached skill level 1 in Invocations
 10996 | D:9      | Reached skill level 2 in Invocations
 11009 | D:9      | Noticed a two-headed ogre
 11022 | D:9      | Killed a two-headed ogre
 11022 | D:9      | Reached skill level 3 in Invocations
 11084 | D:9      | Noticed a two-headed ogre
 11393 | D:9      | Reached skill level 4 in Invocations
 11540 | D:9      | Reached XP level 11. HP: 61/72 MP: 14/14
 11562 | D:9      | Reached skill level 5 in Invocations
 11575 | D:9      | Reached ** piety under Qazlal
 11586 | D:9      | Noticed a six-headed hydra
 11630 | D:9      | HP: 1/72 [two-headed ogre/giant club (25)]
 11631 | D:9      | Reached skill level 6 in Invocations
 11670 | D:9      | Killed a two-headed ogre
 11930 | D:9      | Noticed a seven-headed hydra
 11942 | D:9      | Killed a one-headed hydra
 11942 | D:9      | Reached skill level 7 in Invocations
 12094 | D:9      | Killed a one-headed hydra
 12094 | D:9      | Reached skill level 10 in Shields
 12219 | D:9      | Reached skill level 8 in Invocations
 12414 | D:9      | Noticed a two-headed ogre
 12426 | D:9      | Killed a two-headed ogre
 12444 | D:9      | Got a pitted ivory ring
 12683 | D:9      | Found a staircase to the Orcish Mines.
 12723 | D:9      | Got a coiled copper ring
 12777 | D:9      | Reached XP level 12. HP: 79/79 MP: 18/18
 12828 | D:9      | Identified the ring "Reef" {-Tele rPois Str+7 Int+2} (You found it on level 9 of the Dungeon)
 12831 | D:9      | Identified the ring of a Hundred Coins {rC+ Dex+4} (You found it on level 9 of the Dungeon)
 13013 | D:10     | Entered Level 10 of the Dungeon
 13065 | D:10     | Found a staircase to the Lair.
 13091 | D:10     | Reached *** piety under Qazlal
 13092 | D:10     | Reached skill level 9 in Invocations
 13332 | D:10     | Reached **** piety under Qazlal
 13336 | D:10     | Noticed a queen ant
 13392 | D:10     | Killed a queen ant
 14370 | D:11     | Found Wyuvidgh's Antique Weapon Shoppe.
 14375 | D:11     | Bought a runed hand crossbow for 240 gold pieces
 14490 | D:11     | Reached skill level 1 in Crossbows
 14499 | D:11     | Found a frozen archway.
 14558 | D:11     | Reached skill level 10 in Invocations
 14607 | IceCv    | Entered an ice cave
 15382 | IceCv    | Reached XP level 13. HP: 87/88 MP: 19/21
 15633 | IceCv    | Reached skill level 5 in Crossbows
 15655 | IceCv    | Reached skill level 11 in Invocations
 15852 | IceCv    | Reached ***** piety under Qazlal
 15999 | IceCv    | Noticed a frost giant
 16050 | IceCv    | Killed a frost giant
 17371 | D:12     | Noticed Kirke
 17389 | D:12     | Reached skill level 10 in Axes
 17424 | D:12     | Killed Kirke
 17492 | D:12     | Noticed Psyche
 17494 | D:12     | Killed Psyche
 17597 | D:12     | Reached skill level 12 in Invocations
 17684 | D:12     | Noticed a hell beast
 17685 | D:12     | Noticed SlowGraham's ghost (novice TrSk)
 17702 | D:12     | Killed SlowGraham's ghost
 17729 | D:12     | Found a basalt altar of Yredelemnul.
 17820 | D:12     | Noticed Sonja
 17826 | D:12     | Killed Sonja
 17892 | D:10     | Upgraded the game from 0.21.0-24-g2553a33 to 0.21.0-25-ge575cb9
 17969 | Lair:1   | Entered Level 1 of the Lair of Beasts
 18026 | Lair:1   | Noticed funslinger's ghost (journeyman MiBe)
 18327 | Lair:1   | Killed funslinger's ghost
 18327 | Lair:1   | Reached XP level 14. HP: 43/98 MP: 6/23
 18357 | Lair:1   | Got a steaming ring mail
 18359 | Lair:1   | Identified the +5 ring mail of Sif Muna's Envy {+Blink rPois rF- rCorr} (You found it on level 1 of the Lair of Beasts)
 18399 | Lair:1   | Found a labyrinth entrance.
 18416 | Lab      | Entered a labyrinth
 19084 | Lair:1   | Noticed Nergalle
 19112 | Lair:1   | Killed Nergalle
 19112 | Lair:1   | Reached skill level 10 in Fighting
 19978 | Lair:2   | Noticed Urug
 20069 | Lair:2   | Killed Urug
 20906 | Lair:3   | Found a hole to the Spider Nest.
 21363 | Lair:3   | Reached skill level 13 in Invocations
 21962 | Lair:3   | Found a blossoming altar of Fedhas.
 22727 | Lair:4   | Identified a scroll of acquirement
 23342 | Lair:4   | Found a staircase to the Swamp.
 23559 | Lair:4   | Reached XP level 15. HP: 22/107 MP: 25/25
 23747 | Lair:4   | Noticed quantumfuzzball's ghost (journeyman DrAE)
 23762 | Lair:4   | Killed quantumfuzzball's ghost
 24016 | Lair:4   | Reached skill level 14 in Invocations
 25262 | Lair:6   | Entered Level 6 of the Lair of Beasts
 25288 | Lair:5   | Slain by a spiny frog

Skill      XL: |  1  2  3  4  5  6  7  8  9 10 11 12 13 14 15 |
---------------+----------------------------------------------+-----
Fighting       | 3 5 6 8 9 11 | 11.5
Axes           | 3 5 6 7 9 10 12 | 12.0
Dodging        | 4 6 |  6.0
Armour         | 5 7 |  7.0
Shields        | 5 8 10 | 10.9
Invocations    | 4 8 10 12 13 14 | 14.1
Crossbows      | 4 6 |  6.4

Action                   |  1- 3 |  4- 6 |  7- 9 | 10-12 | 13-15 || total
-------------------------+-------+-------+-------+-------+-------++-------
Melee: War axe           |    99 |   149 |   492 |   510 |       ||  1250
       Hand axe          |       |       |       |   322 |   808 ||  1130
       Broad axe         |       |       |       |       |   183 ||   183
 Fire: Hand crossbow     |       |       |     1 |    48 |    51 ||   100
Invok: Upheaval          |       |       |       |     1 |    25 ||    26
       Elemental Force   |       |       |       |       |     1 ||     1
Evoke: Wand              |       |       |     4 |    24 |    18 ||    46
  Use: Scroll            |     3 |     4 |    15 |    13 |    11 ||    46
       Potion            |       |     1 |    14 |     8 |    11 ||    34
 Stab: Invisible         |       |     4 |     2 |       |       ||     6
       Paralysed         |       |       |       |     6 |     2 ||     8
       Confused          |       |       |       |     1 |     1 ||     2
  Eat: Chunk             |     1 |     6 |       |    13 |    18 ||    38
       Ration            |       |       |     6 |     4 |     5 ||    15
Armor: Scale mail        |    58 |    71 |   159 |    20 |       ||   308
       Leather armour    |       |       |       |   148 |    69 ||   217
       Ring mail         |       |       |       |       |    90 ||    90
Dodge: Dodged            |    70 |   112 |   216 |   554 |   439 ||  1391
       Deflected         |       |       |       |     2 |     3 ||     5
Block: Shield            |       |     9 |   290 |    29 |       ||   328
       Buckler           |       |       |       |   618 |   569 ||  1187
       Other             |       |       |       |       |    55 ||    55
       Reflection        |       |       |       |       |     2 ||     2
